| TOP OF THE 1ST |
|
Winnipeg Goldeyes batting - Pitching for Canton Indians : RHP Tom Frost
|
|
Pitching: RHP Tom Frost
|
|
|
Batting: LHB Dave Bertheau
|
0-0: Ball 1-0: Foul Ball, location: 2F 1-1: Foul Ball, location: 2F 1-2: Ground out 6-3 (Groundball, 56, EV 81.2 MPH)
|
|
Batting: RHB Nestor Moreno
|
0-0: Ball 1-0: Swinging Strike 1-1: Swinging Strike 1-2: Ball 2-2: Ball 3-2: Foul Ball, location: 2F 3-2: Base on Balls
|
|
Batting: LHB George Roben
|
0-0: Fly out, F8 (Flyball, 8LM, EV 86.9 MPH)
|
|
Batting: RHB Terry Oetker
|
0-0: Called Strike 0-1: Foul Ball, location: 2F 0-2: Strikes out swinging
|
| Top of the 1st over - 0 runs, 0 hits, 0 errors, 1 left on base; Winnipeg 0 - Canton 0 |
| BOTTOM OF THE 1ST |
|
Canton Indians batting - Pitching for Winnipeg Goldeyes : LHP Ricky Lopez
|
|
Pitching: LHP Ricky Lopez
|
|
|
Batting: RHB George Wagner
|
0-0: Ball 1-0: Called Strike 1-1: Ball 2-1: Ball 3-1: Base on Balls
|
|
Batting: RHB Josh Patterson
|
0-0: Ball 1-0: Called Strike 1-1: Foul Ball, location: 2F 1-2: SINGLE (Groundball, 6MD, EV 105.0 MPH) George Wagner to second
|
|
Batting: RHB Jose Rodriguez
|
0-0: Foul Ball, location: 2F 0-1: Foul Ball, location: 2F 0-2: Fly out, F8 (Flyball, 8RD, EV 95.0 MPH)
|
|
Batting: RHB Leo Villa
|
0-0: Ball 1-0: Ball 2-0: Ball 3-0: Called Strike 3-1: Swinging Strike 3-2: Foul Ball, location: 2F 3-2: Strikes out swinging
|
|
Batting: RHB Gary Ming
|
0-0: Ball 1-0: Fly out, F8 (Flyball, 89S, EV 93.8 MPH)
|
| Bottom of the 1st over - 0 runs, 1 hit, 0 errors, 2 left on base; Winnipeg 0 - Canton 0 |
| TOP OF THE 2ND |
|
Winnipeg Goldeyes batting - Pitching for Canton Indians : RHP Tom Frost
|
|
Batting: RHB Alexandre Garcia
|
0-0: Ball 1-0: Fly out, F9 (Flyball, 9, EV 96.9 MPH)
|
|
Batting: SHB Ed Mosqueda
|
0-0: Called Strike 0-1: Ground out 6-3 (Groundball, 6, EV 91.2 MPH)
|
|
Batting: LHB Shaun Price
|
0-0: Called Strike 0-1: Ball 1-1: Foul Ball, location: 2F 1-2: TRIPLE (Flyball, 89XD, EV 107.5 MPH)
|
|
Batting: RHB Ratko Macura
|
0-0: Ball 1-0: Ball 2-0: Called Strike 2-1: Swinging Strike 2-2: Strikes out looking
|
| Top of the 2nd over - 0 runs, 1 hit, 0 errors, 1 left on base; Winnipeg 0 - Canton 0 |
| BOTTOM OF THE 2ND |
|
Canton Indians batting - Pitching for Winnipeg Goldeyes : LHP Ricky Lopez
|
|
Batting: RHB Charles Blatchford
|
0-0: Ball 1-0: Called Strike 1-1: SINGLE (Flyball, 8RS, EV 96.9 MPH)
|
|
Batting: RHB Tacito Carreiro
|
0-0: Ball 1-0: Swinging Strike 1-1: Ball 2-1: Foul Ball, location: 2F 2-2: Foul Ball, location: 2F 2-2: Fly out, F6 (Popup, 6MD, EV 40.6 MPH)
|
|
Batting: RHB Ruben Irizarry
|
0-0: Ball Wild Pitch! Charles Blatchford to second 1-0: 2-RUN HOME RUN (Flyball, 7D, EV 97.5 MPH), Distance : 394 ft
|
|
Batting: RHB Aubrey Regimbald
|
0-0: Foul Ball, location: 2F 0-1: Foul Ball, location: 2F 0-2: Foul Ball, location: 2F 0-2: Ball 1-2: Ball 2-2: Ball 3-2: Foul Ball, location: 2F 3-2: Foul Ball, location: 2F 3-2: Fly out, F7 (Flyball, 7LSF, EV 90.6 MPH)
|
|
Batting: RHB George Wagner
|
0-0: Ball 1-0: SINGLE (Line Drive, 9LS, EV 91.9 MPH)
|
|
Batting: RHB Josh Patterson
|
0-0: SINGLE (Groundball, 15S, EV 73.1 MPH) (infield hit) George Wagner to second
|
|
Batting: RHB Jose Rodriguez
|
0-0: Called Strike 0-1: Ball 1-1: Ball 2-1: Called Strike 2-2: Ground out 6-3 (Groundball, 6MD, EV 100.0 MPH)
|
| Bottom of the 2nd over - 2 runs, 4 hits, 0 errors, 2 left on base; Winnipeg 0 - Canton 2 |
| TOP OF THE 3RD |
|
Winnipeg Goldeyes batting - Pitching for Canton Indians : RHP Tom Frost
|
|
Batting: LHB Eduardo Lopez
|
0-0: Ball 1-0: Ball 2-0: Ball 3-0: Base on Balls
|
|
Batting: LHB Dave Bertheau
|
0-0: Foul Ball, location: 2F 0-1: Ball 1-1: Ball 2-1: 2-RUN HOME RUN (Flyball, 9D, EV 101.9 MPH), Distance : 379 ft
|
|
Batting: RHB Nestor Moreno
|
0-0: Ball 1-0: Swinging Strike 1-1: Foul Ball, location: 2F 1-2: Strikes out swinging
|
|
Batting: LHB George Roben
|
0-0: Ball 1-0: Foul Ball, location: 2F 1-1: Swinging Strike 1-2: Foul Ball, location: 2F 1-2: Strikes out swinging
|
|
Batting: RHB Terry Oetker
|
0-0: Ball 1-0: Foul Ball, location: 2F 1-1: Ball 2-1: Ball 3-1: Foul Ball, location: 2F 3-2: Strikes out swinging
|
| Top of the 3rd over - 2 runs, 1 hit, 0 errors, 0 left on base; Winnipeg 2 - Canton 2 |
| BOTTOM OF THE 3RD |
|
Canton Indians batting - Pitching for Winnipeg Goldeyes : LHP Ricky Lopez
|
|
Batting: RHB Leo Villa
|
0-0: Swinging Strike 0-1: Swinging Strike 0-2: Ball 1-2: Strikes out swinging
|
|
Batting: RHB Gary Ming
|
0-0: Ball 1-0: Ball 2-0: Ball 3-0: Called Strike 3-1: Fly out, F4 (Line Drive, 4, EV 75.6 MPH)
|
|
Batting: RHB Charles Blatchford
|
0-0: Called Strike 0-1: Ball 1-1: SOLO HOME RUN (Line Drive, 9LD, EV 95.6 MPH), Distance : 360 ft
|
|
Batting: RHB Tacito Carreiro
|
0-0: Called Strike 0-1: SOLO HOME RUN (Flyball, 9LD, EV 95.0 MPH), Distance : 355 ft
|
|
Batting: RHB Ruben Irizarry
|
0-0: Called Strike 0-1: Swinging Strike 0-2: Strikes out swinging
|
| Bottom of the 3rd over - 2 runs, 2 hits, 0 errors, 0 left on base; Winnipeg 2 - Canton 4 |
| TOP OF THE 4TH |
|
Winnipeg Goldeyes batting - Pitching for Canton Indians : RHP Tom Frost
|
|
Batting: RHB Alexandre Garcia
|
0-0: Ball 1-0: Fly out, F7 (Line Drive, 78M, EV 88.8 MPH)
|
|
Batting: SHB Ed Mosqueda
|
0-0: Called Strike 0-1: Called Strike 0-2: Ball 1-2: Ball 2-2: Strikes out swinging
|
|
Batting: LHB Shaun Price
|
0-0: Called Strike 0-1: Hit by Pitch
|
|
Batting: RHB Ratko Macura
|
0-0: Ball 1-0: Ball 2-0: Ball 3-0: Base on Balls Shaun Price to second
|
|
Pitching: RHP Antonio Olvera
|
|
|
Batting: LHB Eduardo Lopez
|
0-0: Called Strike 0-1: Ball 1-1: Foul Ball, location: 2F 1-2: Ball 2-2: Strikes out swinging
|
| Top of the 4th over - 0 runs, 0 hits, 0 errors, 2 left on base; Winnipeg 2 - Canton 4 |
| BOTTOM OF THE 4TH |
|
Canton Indians batting - Pitching for Winnipeg Goldeyes : LHP Ricky Lopez
|
|
Batting: RHB Aubrey Regimbald
|
0-0: Called Strike 0-1: Ball 1-1: Ball 2-1: Ball 3-1: Swinging Strike 3-2: Base on Balls
|
|
Batting: RHB George Wagner
|
0-0: Ball 1-0: Ball 2-0: Ball 3-0: Base on Balls Aubrey Regimbald to second
|
|
Batting: RHB Josh Patterson
|
0-0: Called Strike 0-1: Swinging Strike 0-2: Strikes out looking
|
|
Batting: RHB Jose Rodriguez
|
0-0: Ball 1-0: Reached on error, E1 (Groundball, 13, EV 76.9 MPH) Aubrey Regimbald to third George Wagner to second
|
|
Batting: RHB Leo Villa
|
0-0: Ball 1-0: Called Strike 1-1: Swinging Strike 1-2: Foul Ball, location: 2F 1-2: Foul Ball, location: 2F 1-2: Foul Ball, location: 2F 1-2: GRAND SLAM HOME RUN (Flyball, 7LD, EV 93.1 MPH), Distance : 353 ft
|
|
Pitching: RHP Karel Braaksma
|
|
|
Batting: RHB Gary Ming
|
0-0: Ball 1-0: Ball 2-0: Swinging Strike 2-1: Foul Ball, location: 2F 2-2: SINGLE (Line Drive, 9LS, EV 110.0 MPH)
|
|
Batting: RHB Charles Blatchford
|
0-0: Fly out, F7 (Flyball, 78S, EV 73.1 MPH)
|
|
Batting: RHB Tacito Carreiro
|
0-0: Called Strike 0-1: Swinging Strike 0-2: Ground out 6-3 (Groundball, 6S, EV 81.9 MPH)
|
| Bottom of the 4th over - 4 runs, 2 hits, 1 error, 1 left on base; Winnipeg 2 - Canton 8 |
| TOP OF THE 5TH |
|
Winnipeg Goldeyes batting - Pitching for Canton Indians : RHP Antonio Olvera
|
|
Batting: LHB Dave Bertheau
|
0-0: Foul Ball, location: 2F 0-1: Foul Ball, location: 2F 0-2: Strikes out looking
|
|
Batting: RHB Nestor Moreno
|
0-0: Ball 1-0: Foul Ball, location: 2F 1-1: Ball 2-1: Foul Ball, location: 2F 2-2: Ball 3-2: Base on Balls
|
|
Batting: LHB George Roben
|
0-0: Foul Ball, location: 2F 0-1: Called Strike Nestor Moreno is caught stealing 2nd base 2-6 0-2: Strikes out swinging
|
| Top of the 5th over - 0 runs, 0 hits, 0 errors, 0 left on base; Winnipeg 2 - Canton 8 |
| BOTTOM OF THE 5TH |
|
Canton Indians batting - Pitching for Winnipeg Goldeyes : RHP Karel Braaksma
|
|
Batting: RHB Ruben Irizarry
|
0-0: SINGLE (Groundball, 4D, EV 107.5 MPH)
|
|
Batting: RHB Aubrey Regimbald
|
0-0: SINGLE (Groundball, 4M, EV 101.2 MPH) (infield hit) Ruben Irizarry to second
|
|
Batting: RHB George Wagner
|
0-0: Ball 1-0: Fly out, F4 (Line Drive, 4MD, EV 71.9 MPH)
|
|
Batting: RHB Josh Patterson
|
0-0: Ball 1-0: Ball 2-0: Called Strike 2-1: Foul Ball, location: 2F 2-2: Ball 3-2: Foul Ball, location: 2F 3-2: SINGLE (Line Drive, 8LS, EV 100.6 MPH) Ruben Irizarry to third Aubrey Regimbald to second
|
|
Batting: RHB Jose Rodriguez
|
0-0: Called Strike 0-1: Foul Ball, location: 2F 0-2: Foul Ball, location: 2F 0-2: Ball 1-2: Fly out, F8 (Flyball, 8RM, EV 90.0 MPH) Runner from 3rd tags up, SCORES, throw by CF Aubrey Regimbald to third
|
|
Batting: RHB Leo Villa
|
0-0: Ball 1-0: SINGLE (Flyball, 89S, EV 98.1 MPH) Aubrey Regimbald scores Josh Patterson to second Runner from 2nd tries for 3rd, SAFE, throw by RF made to third
|
|
Batting: RHB Gary Ming
|
0-0: Ball 1-0: Ball 2-0: Ball 3-0: Called Strike 3-1: Swinging Strike 3-2: Fly out, F2 (Popup, 3SF, EV 76.9 MPH)
|
| Bottom of the 5th over - 2 runs, 4 hits, 0 errors, 2 left on base; Winnipeg 2 - Canton 10 |
| TOP OF THE 6TH |
|
Winnipeg Goldeyes batting - Pitching for Canton Indians : RHP Antonio Olvera
|
|
Batting: RHB Terry Oetker
|
0-0: Fly out, F4 (Popup, 23, EV 88.8 MPH)
|
|
Batting: RHB Alexandre Garcia
|
0-0: Called Strike 0-1: Ball 1-1: Foul Ball, location: 2F 1-2: Foul Ball, location: 2F 1-2: Ground out 5-3 (Groundball, 56, EV 81.9 MPH)
|
|
Batting: SHB Ed Mosqueda
|
0-0: Ball 1-0: Foul Ball, location: 2F 1-1: Swinging Strike 1-2: Strikes out looking
|
| Top of the 6th over - 0 runs, 0 hits, 0 errors, 0 left on base; Winnipeg 2 - Canton 10 |
| BOTTOM OF THE 6TH |
|
Canton Indians batting - Pitching for Winnipeg Goldeyes : RHP Karel Braaksma
|
|
Batting: RHB Charles Blatchford
|
0-0: Called Strike 0-1: Ball 1-1: Reached on error, E6 (Groundball, 6, EV 86.2 MPH)
|
|
Batting: RHB Tacito Carreiro
|
0-0: Ball 1-0: Called Strike 1-1: Ball 2-1: Foul Ball, location: 2F 2-2: Ball Wild Pitch! Charles Blatchford to second 3-2: Strikes out swinging
|
|
Batting: RHB Ruben Irizarry
|
0-0: Called Strike 0-1: Ball 1-1: Ball 2-1: Ball 3-1: Swinging Strike 3-2: 2-RUN HOME RUN (Flyball, 78XD, EV 98.1 MPH), Distance : 415 ft
|
|
Batting: RHB Aubrey Regimbald
|
0-0: Called Strike 0-1: Ball 1-1: Ball 2-1: Fly out, F7 (Flyball, 7LS, EV 76.2 MPH)
|
|
Batting: RHB George Wagner
|
0-0: Called Strike 0-1: Called Strike 0-2: Ball 1-2: Ground out U3 (Groundball, 34S, EV 85.6 MPH)
|
| Bottom of the 6th over - 2 runs, 1 hit, 1 error, 0 left on base; Winnipeg 2 - Canton 12 |
| TOP OF THE 7TH |
|
Winnipeg Goldeyes batting - Pitching for Canton Indians : RHP Antonio Olvera
|
|
Batting: LHB Shaun Price
|
0-0: Ball 1-0: SOLO HOME RUN (Flyball, 9D, EV 97.5 MPH), Distance : 384 ft
|
|
Batting: RHB Ratko Macura
|
0-0: Called Strike 0-1: Ball 1-1: Foul Ball, location: 2F 1-2: SINGLE (Line Drive, 9LS, EV 96.2 MPH)
|
|
Batting: LHB Eduardo Lopez
|
0-0: Foul Ball, location: 2F 0-1: Called Strike 0-2: Foul Ball, location: 2F 0-2: Strikes out swinging
|
|
Batting: LHB Dave Bertheau
|
0-0: Called Strike 0-1: Called Strike 0-2: Strikes out swinging
|
|
Pinch Hitting: LHB Jose Hilario
|
0-0: Ball 1-0: Ball 2-0: Foul Ball, location: 2F 2-1: Foul Ball, location: 2F 2-2: Strikes out swinging
|
| Top of the 7th over - 1 run, 2 hits, 0 errors, 1 left on base; Winnipeg 3 - Canton 12 |
| BOTTOM OF THE 7TH |
|
Canton Indians batting - Pitching for Winnipeg Goldeyes : RHP Karel Braaksma
|
|
Now in CF: Jose Hilario
|
|
|
Pinch Hitting: RHB Manuel de los Santos
|
0-0: Ball 1-0: Fly out, F7 (Flyball, 7, EV 88.8 MPH)
|
|
Pitching: RHP Chi-young Chuko
|
|
|
Batting: RHB Jose Rodriguez
|
0-0: Ball 1-0: Ball 2-0: Fly out, F7 (Flyball, 78M, EV 87.5 MPH)
|
|
Batting: RHB Leo Villa
|
0-0: SINGLE (Line Drive, 4MD, EV 96.2 MPH)
|
|
Batting: RHB Gary Ming
|
0-0: Called Strike 0-1: Ground out 1-3 (Groundball, 34S, EV 63.1 MPH)
|
| Bottom of the 7th over - 0 runs, 1 hit, 0 errors, 1 left on base; Winnipeg 3 - Canton 12 |
| TOP OF THE 8TH |
|
Winnipeg Goldeyes batting - Pitching for Canton Indians : RHP Antonio Olvera
|
|
Now at 3B: Manuel de los Santos
|
|
|
Batting: LHB George Roben
|
0-0: Foul Ball, location: 2F 0-1: Foul Ball, location: 2F 0-2: Ball 1-2: Ball 2-2: Ball 3-2: Foul Ball, location: 2F 3-2: Foul Ball, location: 2F 3-2: SINGLE (Flyball, 56D, EV 91.9 MPH)
|
|
Batting: RHB Terry Oetker
|
0-0: SINGLE (Groundball, 13S, EV 61.2 MPH) (infield hit) George Roben to second
|
|
Batting: RHB Alexandre Garcia
|
0-0: Called Strike 0-1: Ball 1-1: Ball 2-1: Ball 3-1: Base on Balls George Roben to third Terry Oetker to second
|
|
Pitching: RHP John Bychyk
|
|
|
Batting: SHB Ed Mosqueda
|
0-0: Called Strike 0-1: Ball 1-1: Grounds into double play, 4-6-3 (Groundball, 4, EV 108.8 MPH) George Roben scores Terry Oetker to third
|
|
Batting: LHB Shaun Price
|
0-0: Ball 1-0: Called Strike 1-1: Reached on error, E4 (Groundball, 4, EV 90.6 MPH) Terry Oetker scores
|
|
Batting: RHB Ratko Macura
|
0-0: Foul Ball, location: 2F 0-1: Called Strike 0-2: Ball 1-2: Ball Wild Pitch! Shaun Price to second 2-2: Strikes out looking
|
| Top of the 8th over - 2 runs, 2 hits, 1 error, 1 left on base; Winnipeg 5 - Canton 12 |
| BOTTOM OF THE 8TH |
|
Canton Indians batting - Pitching for Winnipeg Goldeyes : RHP Chi-young Chuko
|
|
Pinch Hitting: RHB Patrick Pinault
|
0-0: Ball 1-0: Called Strike 1-1: Ball 2-1: Foul Ball, location: 2F 2-2: Foul Ball, location: 2F 2-2: Strikes out swinging
|
|
Batting: RHB Tacito Carreiro
|
0-0: Called Strike 0-1: Foul Ball, location: 2F 0-2: SINGLE (Line Drive, 4MD, EV 111.2 MPH)
|
|
Batting: RHB Ruben Irizarry
|
0-0: Ball 1-0: Called Strike 1-1: Foul Ball, location: 2F 1-2: Foul Ball, location: 2F 1-2: SINGLE (Groundball, 34D, EV 102.5 MPH) Tacito Carreiro to second Runner from 2nd tries for 3rd, SAFE, throw by RF made to third
|
|
Pinch Hitting: LHB Dorian Oram
|
0-0: Ball 1-0: Swinging Strike 1-1: Ball 2-1: Fielders Choice at 2nd, 3-6 (Groundball, 34, EV 106.2 MPH) Tacito Carreiro scores
|
|
Pinch Hitting: RHB Juan Ordonez
|
0-0: Ball 1-0: Called Strike 1-1: Ball 2-1: Ball 3-1: Base on Balls Dorian Oram to second
|
|
Batting: RHB Manuel de los Santos
|
0-0: Foul Ball, location: 2F 0-1: Foul Ball, location: 2F 0-2: Strikes out swinging
|
| Bottom of the 8th over - 1 run, 2 hits, 0 errors, 2 left on base; Winnipeg 5 - Canton 13 |
| TOP OF THE 9TH |
|
Winnipeg Goldeyes batting - Pitching for Canton Indians : RHP John Bychyk
|
|
Now at 2B: Patrick Pinault
|
|
|
Now in LF: Quan Tai
|
|
|
Now in CF: Juan Ordonez
|
|
|
Pinch Hitting: RHB Josh Harmon
|
0-0: Called Strike 0-1: Foul Ball, location: 2F 0-2: Strikes out swinging passed ball, reaches first!
|
|
Batting: LHB Dave Bertheau
|
0-0: Ball 1-0: Ball 2-0: Fielders Choice at 2nd, 4-6 (Groundball, 4, EV 101.2 MPH)
|
|
Batting: LHB Jose Hilario
|
0-0: Fielders Choice at 2nd, 5-4 (Groundball, 15, EV 86.9 MPH)
|
|
Now at 2B: Joe Bauer
|
|
|
Batting: LHB George Roben
|
0-0: Called Strike 0-1: Foul Ball, location: 2F 0-2: Ball 1-2: Ball 2-2: Fly out, F7 (Flyball, 7S, EV 86.9 MPH)
|
| Top of the 9th over - 0 runs, 0 hits, 0 errors, 1 left on base; Winnipeg 5 - Canton 13 |
|